 Dungeon Crawl Stone Soup version 0.28-a0-97-g102d6777a4 (webtiles) character file.

35 eljoo the Sneak (level 3, 21/21 HPs)
             Began as an Octopode Hedge Wizard on May 31, 2016.
             Quit the game on level 1 of the Dungeon on Aug 9, 2021.
             The game lasted 00:05:06 (1072 turns).

eljoo the Sneak (Octopode Hedge Wizard)             Turns: 1072, Time: 00:05:06

Health: 21/21      AC:  1    Str:  6    XL:     3   Next: 35%
Magic:  7/7        EV: 13    Int: 21    God:
Gold:   8          SH:  0    Dex: 10    Spells: 7/8 levels left

rFire   . . .      SeeInvis .   (no weapon)
rCold   . . .      Faith    .   (no shield)
rNeg    . . .      Spirit   .   a - +0 hat
rPois   .          Reflect  .   (no amulet)
rElec   .          Harm     .   (no ring)
rCorr   .          Rampage  .   (no ring)
Will    .....                   (no ring)
Stlth   +++.......              (no ring)
HPRegen 0.07/turn               (no ring)
MPRegen 0.10/turn               (no ring)
                                (no ring)
                                (no ring)

@: no status effects
A: almost no armour, amphibious, 8 rings, camouflage 1, gelatinous body 1,
(nimble swimmer 1), tentacles
a: no special abilities


You were on level 1 of the Dungeon.
You visited 1 branch of the dungeon, and saw 1 of its levels.

You collected 8 gold pieces.

Inventory:

Armour
 a - a +0 hat (worn)
Scrolls
 d - 4 scrolls of identify {unknown}
Potions
 e - a potion of curing {unknown}
 f - a potion of mutation {unknown}
 g - a potion of flight {unknown}
 i - a potion of degeneration {unknown}
Comestibles
 c - 2 removed foods
 h - 9 removed foods


   Skills:
 - Level 2.0 Dodging
 * Level 4.3 Stealth
 + Level 3.2 Spellcasting
 + Level 1.4 Conjurations
 - Level 1.0 Summonings
 - Level 1.0 Translocations


You had 7 spell levels left.
You knew the following spells:

 Your Spells              Type           Power      Damage    Failure   Level
a - Magic Dart            Conj           36%        1d4       8%          1

Your spell library contained the following spells:

 Spells                   Type           Power      Damage    Failure   Level
 Call Imp                 Summ           7%         N/A       13%         2
 Mephitic Cloud           Conj/Pois/Air  5%         N/A       32%         3


Dungeon Overview and Level Annotations

Branches:
Dungeon (1/15)

Altars:


Innate Abilities, Weirdness & Mutations

You cannot wear most types of armour.
You are amphibious.
You can wear up to eight rings at the same time.
Your skin changes colour to match your surroundings (Stealth+).
Your rubbery body absorbs attacks. (AC +1, EV +1)
((You are camouflaged near water. (Stealth+)))
You have tentacles for arms and can constrict up to eight enemies at once.


Message History

The giant cockroach misses you.
You tentacle-slap the giant cockroach. Your grab misses the giant cockroach.
The giant cockroach is heavily wounded.
The giant cockroach barely misses you.
You tentacle-slap the giant cockroach but do no damage.
You grab the giant cockroach. You squeeze the giant cockroach.
You kill the giant cockroach!
h - 7 chunks of flesh (gained 3)
There is an open door here.
Things that are here:
a short sword; a giant cockroach corpse; a goblin skeleton You are feeling hungry.
h - 10 chunks of flesh (gained 3)
Things that are here:
a club; a hobgoblin skeleton
Okay, then.
Eat one of 10 chunks of flesh? (ye/n/q/i?) This raw flesh tastes terrible.
Saving game... please wait.
Welcome back, eljoo the Octopode Wizard.
Press ? for a list of commands and other information.
You pick up a book of Minor Magic and begin reading...
You add the spells Magic Dart, Call Imp and Mephitic Cloud to your library.
Welcome back, eljoo the Octopode Hedge Wizard.
Press ? for a list of commands and other information.
Casting: Magic Dart (safe; 8% risk of failure)
Confirm with . or Enter, or press ? or * to list all spells.
You don't know that spell.
Unknown command.
Are you sure you want to abandon this character and quit the game? (Confirm with "yes".)

#### ###...# #...#.###
. #>......# ... #@#
#.#.#####
.....##)###........
............########
...........#'......##
...........#........#
...........#...##...#
####.......#..## #..#
. #.......#..####..#
..
#........#...##...##..


There were no monsters in sight!

Vanquished Creatures
  A dart slug (D:1)
  2 removed leopard geckos (D:1)
  7 bats (D:1)
  5 giant cockroaches (D:1)
  A goblin (D:1)
  4 hobgoblins (D:1)
  5 kobolds (D:1)
  4 frilled lizards (D:1)
  2 rats (D:1)
31 creatures vanquished.

Notes
Turn   | Place    | Note
-------+----------+-------------------------------------------
     0 | D:1      | eljoo the Octopode Wizard began the quest for the Orb.
     0 | D:1      | Reached XP level 1. HP: 11/11 MP: 4/4
    99 | D:1      | Reached skill level 3 in Stealth
   177 | D:1      | Reached XP level 2. HP: 15/17 MP: 6/6
   659 | D:1      | Reached skill level 4 in Stealth
   735 | D:1      | Reached XP level 3. HP: 10/21 MP: 5/7
  1072 | D:1      | Upgraded the game from 0.19-a0-414-g76fec5b to
                  | 0.20-a0-315-g8346a86
  1072 | D:1      | Quit the game

Illustrated notes

Levels and vault maps discovered:
D:1:      minmay_arrival_four_loops, serial_bayou, serial_bayou_pond_a,
          serial_bayou_pond_c, serial_bayou_pond_d, serial_bayou_pond_b,
          serial_bayou_lagoon_b

Skill      XL: |  1  2 |
---------------+-------+-----
Stealth        | 3 4 |  4.3
Dodging        | |  2.0
Spellcasting   | |  3.2
Conjurations   | |  1.4
Summonings     | |  1.0
Translocations | |  1.0

Action                   || total
-------------------------++-------
Melee: Unarmed           ||    67
       Tentacles         ||    15
       Constrict         ||    20
 Cast: Magic Dart        ||    21
 Stab: Sleeping          ||     5
  Eat: Removed food      ||     1
Armor: Skin              ||    16
Dodge: Dodged            ||    56

Table legend: (Time is in decaauts)
 A = Elapsed time spent in this place.
 B = Non-inter-level travel time spent in this place.
 C = Inter-level travel time spent in this place.
 D = Time resting spent in this place.
 E = Time spent auto-exploring this place.
 F = Levels seen in this place.
 G = Mean time per level.
                   A        B        C        D        E       F      G
               +--------+--------+--------+--------+--------+-----+--------+
         Total |    434 |    434 |      0 |     32 |     12 |   1 |  434.0 |
       Dungeon |    434 |    434 |      0 |     32 |     12 |   1 |  434.0 |
               +--------+--------+--------+--------+--------+-----+--------+
